AoeStats
← Mr. Crypto Satoshi

Black Forest

509758128Analyzed
2v2 RM · 6d ago on Sep 27, 2026· 47m 51s· 4 players
Game mode
Random Map
Map size
Medium (4 player)
Population
200
Speed
Normal
Resources
Standard
Victory
Conquest
Starting age
Dark Age
Ending age
Imperial Age
RankedLock teamsTeams togetherTeam positionsShared explorationLock speedFull tech treeHidden civsTurbo modeCheats
Victory
Defeat
🇧🇷 Persians · Brazil
1041
+13
🇧🇷 Turks · Brazil
862
+22
🇦🇷 Magyars · Argentina
986
-43
🇭🇰 Britons · Hong Kong SAR China
961
-17
BUTTMAN
0:27 Loom
12:26 Feudal Age
12:54 Double-Bit Axe
12:53 Man-at-Arms
15:19 Forging
17:07 Scale Mail Armor
26:49 Castle Age
24:58 Gold Mining
26:28 Horse Collar
27:34 Bow Saw
33:41 Iron Casting
33:11 Scale Barding Armor
33:12 Heavy Plow
34:01 Wheelbarrow
35:45 Bloodlines
35:37 Husbandry
39:02 Imperial Age
37:48 Chain Barding Armor
39:01 Hand Cart
39:28 Ballistics
41:10 Chemistry
39:55 Cavalier
40:19 Heavy Scorpion
43:02 Two-Man Saw
42:37 Crop Rotation
42:06 Town Watch
44:47 Plate Barding Armor
45:13 Blast Furnace
Mr. Crypto Satoshi
14:46 Feudal Age
15:14 Horse Collar
15:23 Double-Bit Axe
18:24 Gold Mining
18:24 Stone Mining
22:09 Castle Age
23:03 Wheelbarrow
23:38 Heavy Plow
23:50 Bow Saw
24:18 Gold Shaft Mining
31:45 Imperial Age
32:14 Hand Cart
36:05 Elite Janissary
42:07 Sipahi
WILLYwalaceBTL
1:44 Loom
11:34 Feudal Age
12:21 Double-Bit Axe
14:21 Wheelbarrow
16:10 Bloodlines
16:12 Town Watch
21:58 Castle Age
24:46 Bow Saw
24:33 Stone Mining
27:15 Horse Collar
29:36 Gold Mining
32:14 Fletching
31:47 Crossbowman
34:38 Corvinian Army
39:58 Imperial Age
37:30 Light Cavalry
38:42 Scale Barding Armor
39:04 Husbandry
40:09 Elite Magyar Huszar
41:13 Chain Barding Armor
44:01 Onager
44:31 Hussar
45:22 Town Patrol
46:30 Plate Barding Armor
triplefives
0:34 Loom
13:35 Feudal Age
17:28 Castle Age
15:28 Double-Bit Axe
15:36 Horse Collar
16:53 Stone Mining
16:57 Gold Mining
17:05 Fletching
19:01 Wheelbarrow
24:25 Hand Cart
25:19 Murder Holes
31:17 Gold Shaft Mining
31:11 Bow Saw
33:36 Imperial Age
30:57 Treadmill Crane
31:39 Ballistics
32:01 Heavy Plow
33:14 Masonry
33:34 Bodkin Arrow
35:39 Two-Man Saw
34:59 Warwolf
35:02 Caravan
37:35 Yeomen
39:05 Elite Longbowman
40:21 Hoardings
40:07 Conscription
41:00 Bracer
40:32 Elite Skirmisher
41:58 Padded Archer Armor
43:28 Elite Skirmisher
44:59 Conscription
46:53 Leather Archer Armor
46:44 Scale Barding Armor
46:49 Forging
Connection lost

Rejoining the realm…

Still unreachable

The connection could not be restored.

Session expired

The server has moved on; the page needs a fresh start.